 Dungeon Crawl Stone Soup version 0.20-a0-754-g13ddd6e (webtiles) character file.

121237 nikopol the Impaler (level 16, -5/146 HPs)
             Began as a Minotaur Berserker on Feb 26, 2017.
             Was a High Priest of Trog.
             Slain by a seven-headed hydra (11 damage)
             ... on level 4 of the Swamp.
             The game lasted 01:53:27 (35818 turns).

nikopol the Impaler (Minotaur Berserker)           Turns: 35818, Time: 01:53:28

Health: -5/146     AC: 24    Str: 28    XL:     16   Next: 31%
Magic:  15/15      EV: 14    Int:  4    God:    Trog [*****.]
Gold:   1844       SH:  0    Dex: 15    Spells: 15/15 levels left

rFire    + . .     SeeInvis .   a - +8 glaive "Poeklod" {speed, Str+4}
rCold    . . .     Gourm    .   U - +4 plate armour {rF+}
rNeg     . . .     Faith    .   (shield currently unavailable)
rPois    +         Spirit   .   (helmet restricted)
rElec    .         Reflect  .   W - +2 cloak
rCorr    .         Harm     .   B - +0 pair of gloves
MR       ++++.                  (no boots)
Stlth    ..........             (no amulet)
Regen    1.4/turn               N - ring of poison resistance
MPRegen  0.2/turn               C - ring of protection from magic

@: lethally poisoned (-5 -> -5), regenerating, heavily drained
A: retaliatory headbutt, horns 2
a: Berserk, Trog's Hand, Brothers in Arms, Burn Spellbooks, Renounce Religion


You were on level 4 of the Swamp.
You worshipped Trog.
Trog was extremely pleased with you.
You were hungry.

You visited 4 branches of the dungeon, and saw 26 of its levels.

You collected 2464 gold pieces.
You spent 620 gold pieces at shops.

Inventory:

Hand Weapons
 a - the +8 glaive "Poeklod" (weapon) {speed, Str+4}
   (You bought it in a shop on level 13 of the Dungeon)

   Attacks with this weapon are significantly faster.
   It affects your strength (+4).
 n - a +2 antimagic bardiche
 v - the +6 glaive of Quarrel {freeze, +Blink}
   (You bought it in a shop on level 13 of the Dungeon)

   It has been specially enchanted to freeze those struck by it, causing extra
   injury to most foes and up to half again as much damage against particularly
   susceptible opponents.
   It can also slow down cold-blooded creatures.
   It lets you blink.
 z - a +4 shortbow of freezing
 Z - a +5 longbow of freezing
Missiles
 m - 306 arrows (quivered)
Armour
 l - a +3 chain mail of cold resistance
 B - a +0 pair of gloves (worn)
 U - a +4 plate armour of fire resistance (worn)
 W - a +2 cloak (worn)
 Y - the +1 ring mail "Dyis" {Str+4, unknown}
   (You found it on level 3 of the Swamp)

   It affects your strength (+4).
Jewellery
 r - an uncursed ring of stealth
 C - a ring of protection from magic (left hand)
 N - a ring of poison resistance (right hand)
 O - a +4 ring of slaying
 P - an uncursed ring of stealth
Scrolls
 e - 6 scrolls of teleportation
 p - a scroll of identify
 q - a scroll of silence {unknown}
 t - 4 scrolls of enchant weapon
 w - 3 scrolls of recharging {unknown}
 x - a scroll of torment {unknown}
 y - 2 scrolls of fog {unknown}
 D - 2 scrolls of immolation {unknown}
 F - 10 scrolls of remove curse
 G - a scroll of holy word {unknown}
 K - 2 scrolls of blinking {unknown}
 L - 3 scrolls of magic mapping {unknown}
 M - 2 scrolls of enchant armour {unknown}
 R - 2 scrolls of fear {unknown}
Potions
 d - 3 potions of brilliance
 g - 5 potions of haste
 h - 2 potions of resistance
 i - a potion of invisibility
 j - 10 potions of curing
 k - 9 potions of agility
 s - a potion of berserk rage
 u - 2 potions of flight
 E - a potion of might
 H - a potion of degeneration {unknown}
 J - 2 potions of heal wounds
 Q - a potion of mutation {unknown}
Books
 V - a book of Death

   Spells                             Type                      Level
   a - Corpse Rot                     Necromancy                   2
   b - Sublimation of Blood           Necromancy                   2
   c - Agony                          Necromancy                   5
   d - Dispel Undead                  Necromancy                   5
   e - Excruciating Wounds            Charms/Necromancy            5
   f - Bolt of Draining               Conjuration/Necromancy       5
   Trog disapproves of the use of such an item.
Comestibles
 c - 9 bread rations
 f - 13 meat rations
 o - a fruit
 I - 13 royal jellies


   Skills:
 + Level 14.2(12.2) Fighting
 * Level 18.2(16.1) Polearms
 * Level 15.4(13.4) Bows
 + Level 14.2(12.3) Armour
 + Level 13.1(11.2) Dodging


You had 15 spell levels left.
You didn't know any spells.

Dungeon Overview and Level Annotations

Branches:
Dungeon (15/15)            Temple (0/1) D:4            Lair (5/6) D:9
  Swamp (4/4) Lair:2       Spider (0/4) Lair:4          Orc (2/2) D:12
    Elf (0/3) Orc:2        Vaults (0/5) D:14         Depths (0/5) D:15
  Slime: Lair:5-6

Altars:
Dithmenos
Fedhas
Gozag
Hepliaklqana
Kikubaaqudgha
Nemelex Xobeh
Okawaru
Qazlal
Vehumet
Wu Jian
Yredelemnul
The Shining One
Beogh

Shops:
D:5 !   D:10 (   D:11 *   D:13 (   Orc:1 %   Orc:2 }:*:


Innate Abilities, Weirdness & Mutations

You reflexively headbutt those who attack you in melee.
You have a pair of horns on your head.


Message History

The seven-headed hydra bites you but does no damage.
The seven-headed hydra misses you.
The seven-headed hydra barely misses you.
The seven-headed hydra bites you!
* * * LOW HITPOINT WARNING * * *
The seven-headed hydra bites you but does no damage.
A six-headed hydra comes into view.
The six-headed hydra roars!
You hear a roar! x2
The swamp dragon breathes poison at you.
The blast of poison engulfs you! You resist.
* * * LOW HITPOINT WARNING * * *
The seven-headed hydra barely misses you.
You furiously retaliate!
You headbutt the seven-headed hydra! The seven-headed hydra bites you!
* * * LOW HITPOINT WARNING * * *
The seven-headed hydra bites you but does no damage.
The seven-headed hydra bites you.
* * * LOW HITPOINT WARNING * * *
The seven-headed hydra bites you!
You die...

♣≈.≈♣♣♣♣♣♣
♣.§.≈≈.≈≈..♣ ♣.≈♣♣
♣♣♣k≈≈♣♣..♣♣ ♣..♣
♣♣♣♣D≈♣♣♣♣§♣ ♣♣♣♣
♣♣≈.D♣♣♣ ♣♣ ♣..D≈♣
♣♣§§≈♣♣ ≈≈ ♣♣§§§♣♣
≈≈♣ ♣§D§§♣♣≈.♣
♣@§§§D♣≈♣
♣♣♣..≈≈≈.§♣
♣♣.≈♣≈≈≈≈≈♣#
♣♣♣≈.♣♣≈.≈.≈≈♣
♣♣≈..<.♣..≈.≈♣#
≈...≈≈≈...≈..≈♣#
≈≈≈≈≈≈≈.≈.≈≈..≈♣
.≈≈≈≈≈≈.≈.≈≈♣♣≈♣
≈.≈≈≈≈≈≈≈♣♣♣♣..≈♣#


You could see a fire dragon, a seven-headed hydra, a six-headed hydra, 2 swamp
dragons and a swamp drake.

Vanquished Creatures
  A thorn hunter (Swamp:1)
  The ghost of nht the Brawler, a journeyman TrFi of Wu Jian (Orc:2)
  A fire giant (D:15)
  An orc warlord (Orc:2)
  2 very ugly things
  Snorg (D:10)
  A fire dragon (Lair:5)
  2 ghost crabs
  8 hydras
  A centaur warrior (D:14)
  4 two-headed ogres
  9 alligators
  2 death yaks (Lair:2)
  Urug (D:14)
  7 orc high priests
  5 spriggans
  2 unseen horrors
  A shambling mangrove (Swamp:1)
  A spriggan druid (Swamp:4)
  6 swamp dragons
  7 orc knights
  The ghost of CcS the Arsonist, a novice DEFE (D:6)
  12 deep elf magi
  4 orc sorcerers
  2 wolf spider zombies
  14 ugly things
  5 cyclopes
  A manticore (D:13)
  3 elephants (Lair:5)
  4 centaur zombies
  Maurice (Orc:2)
  3 black mambas
  A gargoyle (D:13)
  19 spiny frogs
  A torpor snail (Lair:2)
  13 rime drakes
  2 kobold demonologists (D:15)
  An efreet (D:15)
  5 komodo dragons
  6 trolls
  A harpy zombie (D:14)
  A polar bear (Lair:3)
  A queen bee (D:9)
  4 tyrant leeches
  Grinder (D:3)
  5 hornets
  26 slime creatures
  8 blink frogs
  4 bog bodies
  7 hippogriffs
  A vampire (D:12)
  4 shadows
  A wraith (D:11)
  2 basilisks
  5 wyverns
  Sigmund (D:3)
  12 steam dragons
  A hungry ghost (D:15)
  A hog (shapeshifter) (D:15)
  40 yaks
  16 humans (D:14)
  33 vampire mosquitoes
  11 insubstantial wisps (Swamp:2)
  5 wargs
  A harpy simulacrum (D:15)
  2 soldier ants
  20 swamp worms
  Edmund (D:4)
  6 porcupines
  15 water moccasins
  53 orc warriors
  2 swamp drakes
  6 sky beasts
  2 eyes of draining
  3 ice beasts
  A swamp drake (shapeshifter) (D:15)
  2 black bears
  4 necrophages
  A wolf (Lair:1)
  A phantom (D:15)
  9 ogres
  7 centaurs
  19 crocodiles
  3 big kobolds
  13 bullfrogs
  A gnoll sergeant (D:6)
  9 scorpions
  13 killer bees (D:9)
  5 wights (D:11)
  4 howler monkeys (D:10)
  10 crimson imps
  7 bullfrog zombies
  A quasit (D:10)
  7 hounds
  4 jellies
  36 orc priests
  2 bullfrog skeletons
  5 centaur skeletons
  Jessica (D:3)
  25 orc wizards
  2 iguanas
  14 worker ants
  A killer bee zombie (D:5)
  The ghost of Sapher the Ruffian, a weakling GrTm (D:3)
  A hound skeleton (D:8)
  3 worker ant zombies
  Robin (D:3)
  9 gnolls
  16 adders
  3 shadow imps
  2 adder zombies (D:8)
  2 worms
  2 dart slugs
  10 leopard geckos
  98 orcs
  10 bats
  4 giant cockroaches
  18 goblins
  12 hobgoblins
  9 jackals
  13 kobolds
  5 quokkas
  A ball python (D:7)
  4 frilled lizards
  A giant cockroach zombie (D:10)
  2 jackal skeletons
  A leopard gecko zombie (D:7)
  A quokka skeleton (D:6)
  A quokka zombie (D:6)
  10 rats
  2 bushes (D:6)
  6 fungi
  3 plants
922 creatures vanquished.

Vanquished Creatures (others)
  A hydra (Swamp:4)
  A tyrant leech (Swamp:4)
  2 hornets (Swamp:3)
  2 slime creatures (Swamp:4)
  A spriggan (Swamp:3)
  2 swamp drakes (Swamp:4)
  An orc (Orc:1)
  4 fungi
  5 plants
  6 toadstools (Swamp:1)
25 creatures vanquished.

Grand Total: 947 creatures vanquished

Notes
Turn   | Place    | Note
-------+----------+-------------------------------------------
     0 | D:1      | nikopol the Minotaur Berserker began the quest for the Orb.
     0 | D:1      | Reached XP level 1. HP: 19/19 MP: 0/0
   283 | D:1      | Reached XP level 2. HP: 27/27 MP: 1/1
   426 | D:1      | Reached ** piety under Trog
   520 | D:1      | Reached XP level 3. HP: 33/33 MP: 2/2
  1112 | D:2      | Reached skill level 4 in Polearms
  1461 | D:2      | You fall through a shaft for 2 floors!
  1469 | D:4      | Reached XP level 4. HP: 35/41 MP: 3/3
  1474 | D:4      | Found a staircase to the Ecumenical Temple.
  1558 | D:4      | Reached XP level 5. HP: 46/47 MP: 4/4
  1605 | D:4      | Reached *** piety under Trog
  1605 | D:4      | Reached skill level 5 in Fighting
  1675 | D:3      | Noticed Sigmund
  1687 | D:3      | Killed Sigmund
  1687 | D:3      | Reached skill level 5 in Polearms
  1687 | D:3      | Reached XP level 6. HP: 28/56 MP: 5/5
  2147 | D:3      | Noticed Sapher's ghost (weakling GrTm)
  2159 | D:3      | Killed Sapher's ghost
  2315 | D:3      | Noticed Robin
  2332 | D:3      | Killed Robin
  2402 | D:3      | Found a shadowy altar of Dithmenos.
  2501 | D:3      | Noticed Grinder
  2522 | D:3      | Killed Grinder
  2522 | D:3      | Reached skill level 5 in Armour
  2522 | D:3      | Reached XP level 7. HP: 52/63 MP: 6/6
  2607 | D:3      | Noticed Jessica
  2611 | D:3      | Killed Jessica
  2670 | D:4      | Reached skill level 6 in Polearms
  3034 | D:4      | Noticed Edmund
  3047 | D:4      | Killed Edmund
  3047 | D:4      | Reached skill level 5 in Dodging
  3189 | D:5      | Entered Level 5 of the Dungeon
  3261 | D:5      | Reached **** piety under Trog
  3261 | D:5      | Reached XP level 8. HP: 51/71 MP: 7/7
  3371 | D:5      | Reached skill level 7 in Polearms
  3512 | D:5      | Found Watoff's Distillery.
  4216 | D:6      | Noticed CcS's ghost (novice DEFE)
  4231 | D:6      | Killed CcS's ghost
  4231 | D:6      | Reached skill level 8 in Polearms
  4231 | D:6      | Reached XP level 9. HP: 76/81 MP: 8/8
  4456 | D:6      | Found an opulent altar of Gozag.
  4647 | D:6      | Found a blossoming altar of Fedhas.
  5078 | D:6      | Reached skill level 1 in Bows
  5686 | D:7      | Reached skill level 9 in Polearms
  5907 | D:7      | Found an ancient bone altar of Kikubaaqudgha.
  5957 | D:7      | Found a glowing golden altar of the Shining One.
  5974 | D:7      | Found a stormy altar of Qazlal.
  6319 | D:8      | Found a basalt altar of Yredelemnul.
  6341 | D:8      | Found a hazy altar of Hepliaklqana.
  6358 | D:8      | Reached ***** piety under Trog
  6562 | D:8      | Noticed a two-headed ogre
  6570 | D:8      | Killed a two-headed ogre
  6570 | D:8      | Reached XP level 10. HP: 68/90 MP: 9/9
  6579 | D:8      | Found an iron altar of Okawaru.
  6735 | D:8      | Reached skill level 10 in Polearms
  7097 | D:9      | Found a staircase to the Lair.
  7113 | D:9      | Found an ornate altar of the Wu Jian Council.
  7277 | D:9      | Received a gift from Trog
  7377 | D:9      | Reached skill level 5 in Bows
  7928 | D:9      | Received a gift from Trog
  7995 | D:9      | Found a radiant altar of Vehumet.
  8646 | D:10     | Entered Level 10 of the Dungeon
  8669 | D:10     | Noticed Snorg
  8679 | D:10     | Killed Snorg
  8679 | D:10     | Reached skill level 11 in Polearms
  8679 | D:10     | Reached XP level 11. HP: 75/97 MP: 10/10
  8708 | D:10     | Received a gift from Trog
  8742 | D:10     | Killed an unseen horror
  9322 | D:10     | Found Gady's Weapon Shop.
  9641 | Lair:1   | Entered Level 1 of the Lair of Beasts
  9905 | Lair:1   | Found a basalt altar of Yredelemnul.
  9935 | Lair:1   | Reached skill level 10 in Fighting
 10039 | Lair:1   | Reached skill level 10 in Armour
 10516 | Lair:1   | Reached skill level 12 in Polearms
 11762 | Lair:2   | Reached XP level 12. HP: 100/108 MP: 11/11
 11771 | Lair:2   | Received a gift from Trog
 12023 | Lair:2   | Noticed a death yak
 12025 | Lair:2   | Noticed a death yak
 12035 | Lair:2   | Killed a death yak
 12035 | Lair:2   | Reached skill level 13 in Polearms
 12048 | Lair:2   | Killed a death yak
 12257 | Lair:2   | Found a staircase to the Swamp.
 12846 | Lair:2   | Reached skill level 10 in Bows
 13020 | Lair:3   | Reached skill level 10 in Dodging
 13917 | Lair:4   | Noticed a seven-headed hydra
 13927 | Lair:4   | Killed a nine-headed hydra
 14183 | Lair:4   | Found a hole to the Spider Nest.
 14269 | Lair:4   | Noticed an eight-headed hydra
 14278 | Lair:4   | Killed a nine-headed hydra
 14437 | Lair:4   | Noticed a four-headed hydra
 14441 | Lair:4   | Killed a four-headed hydra
 15036 | Lair:5   | Reached skill level 14 in Polearms
 15036 | Lair:5   | Reached XP level 13. HP: 117/117 MP: 12/12
 16025 | Lair:5   | Received a gift from Trog
 16092 | Lair:5   | Noticed a fire dragon
 16362 | Lair:5   | Killed a fire dragon
 18382 | D:11     | Found Bohao's Assorted Antiques.
 19698 | D:12     | Received a gift from Trog
 19698 | D:12     | Reached skill level 15 in Polearms
 20322 | D:12     | Found a staircase to the Orcish Mines.
 20458 | Orc:1    | Entered Level 1 of the Orcish Mines
 20464 | Orc:1    | Reached ****** piety under Trog
 20719 | Orc:1    | Received a gift from Trog
 20986 | Orc:1    | Found Foirut's Food Emporium.
 21062 | Orc:2    | Entered Level 2 of the Orcish Mines
 21443 | Orc:1    | Reached XP level 14. HP: 97/127 MP: 13/13
 21672 | Orc:2    | Noticed nht's ghost (journeyman TrFi)
 21705 | Orc:2    | Killed nht's ghost
 22023 | Orc:2    | Found a staircase to the Elven Halls.
 22273 | Orc:2    | Noticed an orc warlord
 22528 | Orc:2    | Killed an orc warlord
 22596 | Orc:2    | Received a gift from Trog
 23248 | Orc:2    | Received a gift from Trog
 23421 | Orc:1    | Found a roughly hewn altar of Beogh.
 26027 | Orc:1    | Received a gift from Trog
 26095 | Orc:1    | Reached skill level 16 in Polearms
 26476 | Orc:2    | Noticed Maurice
 26483 | Orc:2    | Killed Maurice
 26613 | Orc:2    | Found Ruplow's Book Shoppe.
 26613 | Orc:2    | Found Rise's Gadget Shoppe.
 27235 | Orc:2    | Found Haatareh's Assorted Antiques.
 27235 | Orc:2    | Found Begebruf's Book Shoppe.
 28025 | D:13     | Found Kida's Antique Weapon Shop.
 28038 | D:13     | Bought a slimy glaive for 310 gold pieces
 28038 | D:13     | Bought a twisted glaive for 310 gold pieces
 28039 | D:13     | Identified the +6 glaive of Quarrel {freeze, +Blink} (You bought it in a shop on level 13 of the Dungeon)
 28040 | D:13     | Identified the +8 glaive "Poeklod" {speed, Str+4} (You bought it in a shop on level 13 of the Dungeon)
 28275 | D:13     | Received a gift from Trog
 28647 | D:14     | Reached XP level 15. HP: 136/136 MP: 14/14
 28667 | D:14     | Found a sparkling altar of Nemelex Xobeh.
 28709 | D:14     | Noticed Urug
 28750 | D:14     | Killed Urug
 28975 | D:14     | Found a gate to the Vaults.
 29127 | D:14     | Found a basalt altar of Yredelemnul.
 29948 | D:15     | Entered Level 15 of the Dungeon
 30264 | D:15     | Reached skill level 17 in Polearms
 30456 | D:15     | Received a gift from Trog
 30520 | D:15     | Found a staircase to the Depths.
 30520 | D:15     | Noticed a fire giant
 30529 | D:15     | Killed a fire giant
 30975 | D:15     | Received a gift from Trog
 31247 | Swamp:1  | Entered Level 1 of the Swamp
 31646 | Swamp:1  | Noticed a thorn hunter
 31662 | Swamp:1  | Killed a thorn hunter
 32749 | Swamp:2  | Received a gift from Trog
 32749 | Swamp:2  | Reached skill level 15 in Bows
 33194 | Swamp:2  | Reached XP level 16. HP: 146/146 MP: 15/15
 33952 | Swamp:3  | Reached skill level 18 in Polearms
 33978 | Swamp:3  | Got a bloodstained ring mail
 35451 | Swamp:4  | Entered Level 4 of the Swamp
 35818 | Swamp:4  | HP: 6/146 [seven-headed hydra (3)]
 35818 | Swamp:4  | Slain by a seven-headed hydra

Vault maps used:
D:1:      dpeg_arrival_subterranean_lakeside_camping, lemuel_another_geyser
D:3:      grunt_dithmenos_smoke, uniq_jessica, uniq_grinder, uniq_robin,
          uniq_sigmund
D:4:      minmay_temple_entry_purple_smoke, first_bread, nrook_mini_vaults,
          uniq_edmund
D:5:      serial_shops, nicolae_shop_statue_plus
D:6:      grunt_gozag_statues, fedhas_altar_decomposition
D:7:      old_standard_altar, grunt_qazlal_sundering, kiku_gazebo_pond_becter
D:8:      zin_scriptorium, old_standard_altar, grunt_temple_overflow_open,
          kennysheep_generic_room_12
D:9:      lemuel_crystal_altar, vehumet_altar_wand_db, lair_entry_dummy,
          david_nohive_1, kennysheep_generic_room_11
D:10:     serial_shops, nicolae_shop_statue_plus, uniq_snorg
D:11:     serial_shops, shop
D:12:     david_orc_4
D:13:     serial_shops, shop
D:14:     david_vaults_3, yredelemnul_altar_generic,
          nemelex_xobeh_ov_fountains_minmay
D:15:     grunt_enter_depths_giant_problem, grunt_decor_mini_mirrors
Lair:1:   basic_altar, beast_lair_carwin_2
Lair:2:   minmay_swamp_entry_swarm, minmay_hedge_maze, beast_lair_carwin_10,
          grunt_megastairs_4
Lair:4:   spider_nest_entry_web_field
Lair:5:   bobbens_dragon_lair_wall
Swamp:1:  cheibrodos_swamp_tower_of_moss, evilmike_swamp_ruin_house_4
Swamp:2:  hangedman_swamp_diagram
Swamp:3:  hangedman_swamp_ruin_hall, nicolae_swamp_triple_paths, swamp_pool1
Swamp:4:  swamp_fiery, swamp_pool5, nicolae_swamp_round_clearing
Orc:1:    serial_shops, nicolae_shop_behind_doors, basic_altar,
          elves_outpost_lemuel
Orc:2:    st_orc_pillars, uniq_maurice

Skill      XL: |  1  2  3  4  5  6  7  8  9 10 11 12 13 14 15 16 |
---------------+-------------------------------------------------+-----
Fighting       | 4 5 6 8 9 10 11 12 13 14 | 14.2
Armour         | 3 4 5 6 7 8 9 10 11 12 13 14 | 14.2
Polearms       | 4 5 6 8 9 11 12 14 15 16 17 18 | 18.2
Dodging        | 3 4 5 6 7 8 9 10 11 12 13 | 13.1
Bows           | 4 6 9 10 12 13 15 | 15.4

Action                   |  1- 3 |  4- 6 |  7- 9 | 10-12 | 13-15 | 16-18 || total
-------------------------+-------+-------+-------+-------+-------+-------++-------
Melee: Spear             |   106 |   104 |    64 |       |       |       ||   274
       Headbutt          |    14 |    15 |    82 |   112 |   180 |    23 ||   426
       Trident           |       |       |   260 |       |       |       ||   260
       Halberd           |       |       |    53 |   454 |   551 |       ||  1058
       Glaive            |       |       |       |       |   323 |   110 ||   433
 Fire: Shortbow          |       |       |    44 |   349 |   802 |   173 ||  1368
       Longbow           |       |       |       |       |   154 |       ||   154
Invok: Berserk           |       |     1 |     2 |     2 |     8 |     1 ||    14
       Burn Spellbooks   |       |       |       |     3 |     2 |       ||     5
       Trog's Hand       |       |       |       |       |       |     2 ||     2
       Brothers in Arms  |       |       |       |       |       |     1 ||     1
  Use: Scroll            |       |       |       |     6 |     8 |       ||    14
       Potion            |       |       |       |       |     2 |     1 ||     3
  Eat: Chunk             |     2 |     4 |    15 |    28 |    57 |     8 ||   114
       Fruit             |       |       |       |       |     6 |     1 ||     7
       Royal jelly       |       |       |       |       |       |     1 ||     1
Armor: Animal skin       |    13 |     5 |       |       |       |       ||    18
       Ring mail         |       |     6 |    98 |   135 |   139 |       ||   378
       Plate armour      |       |       |       |       |    76 |   182 ||   258
Dodge: Dodged            |    49 |    42 |   192 |   279 |   533 |   118 ||  1213
